 Dungeon Crawl Stone Soup version 0.30-a0-1082-g70414cbcbb (webtiles) character file.

Game seed: 8337153344777171718

100 senseless the Conjurer (level 4, -2/27 HPs)
             Began as an Octopode Conjurer on Apr 15, 2023.
             Slain by Pargi (3 damage)
             ... in a sewer.
             The game lasted 00:05:32 (2817 turns).

senseless the Conjurer (Octopode Conjurer)          Turns: 2817, Time: 00:05:33

Health: -2/27      AC:  1    Str:  6    XL:     4   Next: 74%
Magic:  1/8        EV: 14    Int: 22    God:
Gold:   63         SH:  0    Dex: 16    Spells: 2/8 levels left

rFire   . . .      SeeInvis .    (no weapon)
rCold   . . .      Faith    .    (no shield)
rNeg    . . .      Spirit   .    (helmet restricted)
rPois   .          Reflect  .    (no amulet)
rElec   .          Rampage  .    f - +6 ring of dexterity
rCorr   .                        (no ring)
Will    .....                    (no ring)
Stlth   +++++                    (no ring)
HPRegen 0.24/turn                (no ring)
MPRegen 0.11/turn                (no ring)
                                 (no ring)
                                 (no ring)

@: no status effects
A: almost no armour, amphibious, 8 rings, camouflage 1, gelatinous body 1,
nimble swimmer 1, tentacles
a: no special abilities


You were in a sewer.
You visited 1 branch of the dungeon, and saw 3 of its levels.
You also visited: Sewer.

You collected 63 gold pieces.

Inventory:

Jewellery
 f - a +6 ring of dexterity (left tentacle)
Wands
 j - a wand of flame (28)
Scrolls
 d - a scroll of teleportation {unknown}
Potions
 a - a potion of magic
 b - a potion of might {unknown}
 c - a potion of attraction {unknown}
 e - 3 potions of brilliance
 g - 2 potions of curing
 l - a potion of mutation {unknown}
 n - a potion of lignification {unknown}


   Skills:
 + Level 2.8 Dodging
 + Level 3.9 Stealth
 + Level 2.7 Spellcasting
 + Level 4.5 Conjurations
 + Level 0.9 Earth Magic


You had 2 spell levels left.
You knew the following spells:

 Your Spells              Type           Power      Damage    Failure   Level
a - Magic Dart            Conj           88%        1d7       1%          1
b - Searing Ray           Conj           44%        2d6       3%          2
c - Stone Arrow           Conj/Erth      30%        3d8       12%         3

Your spell library contained the following spells:

 Spells                   Type           Power      Damage    Failure   Level
 Sublimation of Blood     Necr           2%         N/A       19%         2
 Wereblood                Tmut           2%         N/A       19%         2
 Dazzling Flash           Conj/Hex       24%        N/A       16%         3
 Fulminant Prism          Conj/Hex       6%         3d6       45%         4
 Iskenderun's Mystic Bla  Conj/Tloc      12%        2d5       45%         4
 Summon Hydra             Summ           1%         N/A       100%        7
 Lehudib's Crystal Spear  Conj/Erth      7%         10d3      100%        8
 Animate Armour           Summ/Erth      Unusable   N/A       N/A         4

Dungeon Overview and Level Annotations

Branches:
Dungeon (3/15)              Sewer (1/1)

Altars:

Annotations:
Sewer Pargi


Innate Abilities, Weirdness & Mutations

You cannot wear most types of armour.
You are amphibious.
You can wear up to eight rings at the same time.
Your skin changes colour to match your surroundings (Stealth+).
Your rubbery body absorbs attacks. (AC +1, EV +1)
You are camouflaged when in or above water. (Stealth+)
You have tentacles for arms and can constrict up to eight enemies at once.


Message History

You tentacle-slap Pargi but do no damage.
You squeeze Pargi.
Pargi is almost dead.
Pargi bites you but does no damage. Pargi barely misses you. Pargi claws you.
You barely miss Pargi.
Pargi is almost dead.
Pargi closely misses you. Pargi barely misses you. Pargi misses you.
You miss Pargi.
Pargi is almost dead.
Pargi closely misses you. Pargi claws you. x2
You closely miss Pargi.
Pargi is almost dead.
Pargi bites you. Pargi closely misses you. Pargi claws you but does no damage.
The frilled lizard bites you.
You closely miss Pargi. You squeeze Pargi, but do no damage.
Pargi is almost dead.
Pargi bites you!
* * * LOW HITPOINT WARNING * * *
Pargi closely misses you. Pargi barely misses you.
The frilled lizard bites you.
* * * LOW HITPOINT WARNING * * *
You tentacle-slap Pargi.
Pargi is almost dead.
Pargi closely misses you. Pargi claws you but does no damage.
Pargi closely misses you. The frilled lizard bites you.
* * * LOW HITPOINT WARNING * * *
Your magical contamination has completely faded away.
You closely miss Pargi.
Pargi is almost dead.
Pargi closely misses you. Pargi claws you.
* * * LOW HITPOINT WARNING * * *
Pargi closely misses you. The frilled lizard barely misses you.
You closely miss Pargi. Your squeeze misses Pargi.
Pargi is severely wounded.
Pargi closely misses you. Pargi completely misses you.
Pargi closely misses you. The frilled lizard barely misses you.
You barely miss Pargi.
Pargi is severely wounded.
Pargi closely misses you. Pargi completely misses you. Pargi claws you.
You die...

≈~#~≈≈~#####.≈≈≈≈≈≈≈≈≈#
#.∩∩## ##~≈≈≈≈≈≈≈≈##
##.## #~≈≈≈≈≈≈≈≈≈# ##
#~.≈≈≈≈≈≈≈≈≈
#.#.≈≈≈≈≈≈≈≈
###~≈≈≈≈≈≈≈# ##.≈≈≈≈≈##
#~≈≈≈≈≈≈# #@≈≈†≈≈≈≈
#Tl≈≈≈≈≈≈ ~≈≈≈≈≈≈≈≈
.~≈≈≈≈≈≈≈# #.≈≈≈≈≈≈≈##
#~≈≈≈≈≈≈≈# ~≈≈≈≈≈≈≈≈≈#
#~≈≈≈≈≈≈≈≈≈#


You could see Pargi and a frilled lizard.

Vanquished Creatures
  3 adders
  A river rat (D:3)
  A worm (D:2)
  3 dart slugs
  4 giant cockroaches
  8 goblins
  5 hobgoblins
  2 jackals (D:2)
  3 quokkas
  2 ball pythons
  5 bats
  9 frilled lizards
  5 kobolds
  4 rats
55 creatures vanquished.

Notes
Turn   | Place    | Note
-------+----------+-------------------------------------------
     0 | D:1      | senseless the Octopode Conjurer began the quest for the
                  | Orb.
     0 | D:1      | Reached XP level 1. HP: 11/11 MP: 3/3
   259 | D:1      | Reached XP level 2. HP: 17/17 MP: 3/5
   290 | D:1      | Learned a level 2 spell: Searing Ray
   826 | D:1      | Reached XP level 3. HP: 21/21 MP: 3/6
  1395 | D:2      | Learned a level 3 spell: Stone Arrow
  2459 | D:3      | Reached XP level 4. HP: 21/27 MP: 5/7
  2726 | D:3      | Found a glowing drain.
  2730 | Sewer    | Entered a sewer
  2803 | Sewer    | Noticed Pargi
  2815 | Sewer    | HP: 1/27 [Pargi (2)]
  2817 | Sewer    | Slain by Pargi

Illustrated notes

Levels and vault maps discovered:
D:1:      scummos_arrival_checkerplants, layout_loops_ring
D:2:      layout_loops_corners
D:3:      layout_basic, gup_sewer_entry_spiral, ebering_ghost_reflecting_pool
Sewer:    sewer_co_pargi_island

Skill      XL: |  1 |
---------------+----+-----
Stealth        | 3 |  3.9
Dodging        | |  2.8
Spellcasting   | |  2.7
Conjurations   | |  4.5
Earth Magic    | |  0.9

Action                     |  1- 3 |  4- 6 || total
---------------------------+-------+-------++-------
  Melee: Unarmed           |    19 |    16 ||    35
         Tentacles         |     5 |     7 ||    12
         Constrict         |     6 |     1 ||     7
         Punch             |       |     1 ||     1
   Cast: Magic Dart        |    92 |    23 ||   115
         Stone Arrow       |       |     3 ||     3
    Use: Scroll            |     6 |       ||     6
 Armour: Skin              |     2 |     4 ||     6
  Dodge: Dodged            |    13 |    26 ||    39

Table legend: (Time is in decaauts)
 A = Elapsed time spent in this place.
 B = Non-inter-level travel time spent in this place.
 C = Inter-level travel time spent in this place.
 D = Time resting spent in this place.
 E = Time spent auto-exploring this place.
 F = Levels seen in this place.
 G = Mean time per level.
                   A        B        C        D        E       F      G
               +--------+--------+--------+--------+--------+-----+--------+
         Total |   2816 |   2791 |     25 |    287 |   2132 |   4 |  704.0 |
       Dungeon |   2730 |   2705 |     25 |    287 |   2068 |   3 |  910.0 |
         Sewer |     86 |     86 |      0 |      0 |     64 |   1 |   86.0 |
               +--------+--------+--------+--------+--------+-----+--------+

Top non-repeatable levels by time:
     D:2: 1250 daAuts
     D:1: 1170 daAuts
     D:3: 309 daAuts
   Sewer: 86 daAuts
